SNL (28 & UNDER)
SALEM SILVER SOULS @ WEST VIRGINIA POWER
09/13/2027
 
TOP OF THE 1ST
Salem Silver Souls batting - Pitching for West Virginia Power : LHP John Knight
Pitching: LHP John Knight
Batting: LHB Nick Scott 0-0: Ball
1-0: Called Strike
1-1: Foul Ball, location: 2F
1-2: SINGLE (Groundball, 6D)
Batting: RHB Ron Edwards 0-0: Ball
1-0: Ball
2-0: Fly out, F4 (Line Drive, 4M)
Batting: RHB Gustavo Pagán 0-0: Ball
1-0: Grounds into double play, 4-6-3 (Groundball, 4)
Top of the 1st over - 0 run(s), 1 hit(s), 0 error(s), 0 left on base; Salem 0 - West Virginia 0
BOTTOM OF THE 1ST
West Virginia Power batting - Pitching for Salem Silver Souls : RHP António Rodríguez
Pitching: RHP António Rodríguez
Batting: RHB Pablo Sandoval 0-0: Called Strike
0-1: Ball
1-1: Foul Ball, location: 2F
1-2: Strikes out swinging
Batting: LHB Héctor Cruz 0-0: Swinging Strike
0-1: Foul Ball, location: 2F
0-2: Ball
1-2: Ball
2-2: Strikes out swinging
Batting: RHB Nick Harris 0-0: Ball
1-0: Ball
2-0: Swinging Strike
2-1: Ball
3-1: Base on Balls
Batting: RHB Aaron Murray 0-0: Ball
1-0: Called Strike
1-1: Ball
2-1: Ground out 5-3 (Groundball, 56)
Bottom of the 1st over - 0 run(s), 0 hit(s), 0 error(s), 1 left on base; Salem 0 - West Virginia 0
TOP OF THE 2ND
Salem Silver Souls batting - Pitching for West Virginia Power : LHP John Knight
Batting: RHB Jim Villiers 0-0: SINGLE (Groundball, 6M) (infield hit)
Batting: SHB Tony Yan 0-0: Called Strike
0-1: Called Strike
0-2: Strikes out swinging
Batting: RHB Tom Hughes 0-0: Ball
1-0: Ball
2-0: Ball
3-0: Called Strike
3-1: Grounds into double play, 6-4-3 (Groundball, 6)
Top of the 2nd over - 0 run(s), 1 hit(s), 0 error(s), 0 left on base; Salem 0 - West Virginia 0
BOTTOM OF THE 2ND
West Virginia Power batting - Pitching for Salem Silver Souls : RHP António Rodríguez
Batting: SHB Waylon Adams 0-0: Ball
1-0: Called Strike
1-1: Ball
2-1: Reached on error, E3 (Groundball, 34)
Batting: RHB Mike Ingram 0-0: Ball
1-0: Foul Ball, location: 2F
1-1: Swinging Strike
1-2: Foul Ball, location: 2F
1-2: Ball
Wild Pitch!
Waylon Adams to second
2-2: Foul Ball, location: 2F
2-2: Ball
3-2: Ground out 5-3 (Groundball, 56S)
Waylon Adams to third
Batting: LHB Héctor Soto 0-0: Ball
1-0: Ball
2-0: Ball
3-0: Base on Balls
Batting: RHB Blair Whitehead 0-0: Ball
1-0: Ball
2-0: Ball
3-0: Base on Balls
Héctor Soto to second
Batting: RHB Juan Alberto 0-0: Ball
Error on foul ball, E3
1-1: Fly out, F3 (Popup, 3S)
Batting: RHB Pablo Sandoval 0-0: Ground out 5-3 (Groundball, 56S)
Bottom of the 2nd over - 0 run(s), 0 hit(s), 2 error(s), 3 left on base; Salem 0 - West Virginia 0
TOP OF THE 3RD
Salem Silver Souls batting - Pitching for West Virginia Power : LHP John Knight
Batting: LHB Joel Nelson 0-0: Ball
1-0: Swinging Strike
1-1: Foul Ball, location: 2F
1-2: Ball
2-2: Foul Ball, location: 2F
2-2: Ball
3-2: Strikes out swinging
Batting: SHB Francis Shaffer 0-0: Ball
1-0: SOLO HOME RUN (Flyball, 78XD), Distance : 417 ft
Batting: RHB Jaime Rodríguez 0-0: Ball
1-0: Ball
2-0: Ground out 6-3 (Groundball, 6)
Batting: LHB Nick Scott 0-0: Swinging Strike
0-1: Ball
1-1: Called Strike
1-2: Ball
2-2: Ball
3-2: Base on Balls
Batting: RHB Ron Edwards 0-0: Ball
1-0: Ball
2-0: Foul Ball, location: 2F
2-1: Called Strike
2-2: Fielders Choice at 2nd, U4 (Groundball, 4M)
Top of the 3rd over - 1 run(s), 1 hit(s), 0 error(s), 1 left on base; Salem 1 - West Virginia 0
BOTTOM OF THE 3RD
West Virginia Power batting - Pitching for Salem Silver Souls : RHP António Rodríguez
Batting: LHB Héctor Cruz 0-0: Ball
1-0: Ball
2-0: Ball
3-0: Called Strike
3-1: Swinging Strike
3-2: Strikes out looking
Batting: RHB Nick Harris 0-0: Foul Ball, location: 2F
0-1: Ball
1-1: Ball
2-1: Ball
3-1: Called Strike
3-2: Foul Ball, location: 2F
3-2: SINGLE (Groundball, 34S) (infield hit)
Batting: RHB Aaron Murray 0-0: Ball
Nick Harris is caught stealing 2nd base
1-0: Swinging Strike
1-1: Swinging Strike
1-2: Ball
2-2: Ball
3-2: Strikes out swinging
Bottom of the 3rd over - 0 run(s), 1 hit(s), 0 error(s), 0 left on base; Salem 1 - West Virginia 0
TOP OF THE 4TH
Salem Silver Souls batting - Pitching for West Virginia Power : LHP John Knight
Batting: RHB Gustavo Pagán 0-0: Ball
1-0: Ball
2-0: Ball
3-0: Base on Balls
Batting: RHB Jim Villiers 0-0: Foul Ball, location: 2F
0-1: Foul Ball, location: 2F
0-2: Foul Ball, location: 2F
0-2: Strikes out swinging
Batting: SHB Tony Yan 0-0: Swinging Strike
0-1: Foul Ball, location: 2F
0-2: Grounds into double play, 6-4-3 (Groundball, 6)
Top of the 4th over - 0 run(s), 0 hit(s), 0 error(s), 0 left on base; Salem 1 - West Virginia 0
BOTTOM OF THE 4TH
West Virginia Power batting - Pitching for Salem Silver Souls : RHP António Rodríguez
Batting: SHB Waylon Adams 0-0: Ball
1-0: Called Strike
1-1: SOLO HOME RUN (Flyball, 9D), Distance : 355 ft
Batting: RHB Mike Ingram 0-0: Ball
1-0: Ball
2-0: Foul Ball, location: 2F
2-1: Ground out 6-3 (Groundball, 6)
Batting: LHB Héctor Soto 0-0: Called Strike
0-1: Ball
1-1: Foul Ball, location: 2F
1-2: Foul Ball, location: 2F
1-2: Ball
2-2: Ball
3-2: Strikes out looking
Batting: RHB Blair Whitehead 0-0: Ball
1-0: Ball
2-0: SINGLE (Groundball, 4MD)
Batting: RHB Juan Alberto 0-0: Called Strike
0-1: Foul Ball, location: 2F
0-2: Ball
1-2: Fly out, F7 (Line Drive, 7)
Bottom of the 4th over - 1 run(s), 2 hit(s), 0 error(s), 1 left on base; Salem 1 - West Virginia 1
TOP OF THE 5TH
Salem Silver Souls batting - Pitching for West Virginia Power : LHP John Knight
Batting: RHB Tom Hughes 0-0: Ball
1-0: Ball
2-0: Ball
3-0: Called Strike
3-1: Base on Balls
Batting: LHB Joel Nelson 0-0: Ball
1-0: Ball
2-0: Ball
3-0: Base on Balls
Tom Hughes to second
Batting: SHB Francis Shaffer 0-0: Fly out, F7 (Flyball, 78M)
Batting: RHB Jaime Rodríguez 0-0: 3-RUN HOME RUN (Line Drive, 78XD), Distance : 425 ft
Batting: LHB Nick Scott 0-0: Ground out U3 (Groundball, 3)
Batting: RHB Ron Edwards 0-0: Ball
1-0: Foul Ball, location: 2F
1-1: SINGLE (Groundball, 6MD)
Batting: RHB Gustavo Pagán 0-0: Ball
1-0: Ball
2-0: Foul Ball, location: 2F
2-1: Foul Ball, location: 2F
2-2: Ball
3-2: Strikes out swinging
Top of the 5th over - 3 run(s), 2 hit(s), 0 error(s), 1 left on base; Salem 4 - West Virginia 1
BOTTOM OF THE 5TH
West Virginia Power batting - Pitching for Salem Silver Souls : RHP António Rodríguez
Pitching: RHP Dave Williams
Batting: RHB Pablo Sandoval 0-0: Ball
1-0: Ball
2-0: Ground out 4-3 (Groundball, 4)
Batting: LHB Héctor Cruz 0-0: Ball
1-0: Swinging Strike
1-1: Ball
2-1: Ball
3-1: Foul Ball, location: 2F
3-2: Foul Ball, location: 2F
3-2: SINGLE (Line Drive, 4MD)
Batting: RHB Nick Harris 0-0: Ball
1-0: Foul Ball, location: 2F
1-1: Ball
2-1: Foul Ball, location: 2F
2-2: Ball
3-2: DOUBLE (Flyball, 78M)
Héctor Cruz to third
Runner from 3rd tries for Home, throw and OUT!
Nick Harris to third
Batting: RHB Aaron Murray 0-0: Ball
1-0: Ball
2-0: Foul Ball, location: 2F
2-1: Ball
3-1: SINGLE (Groundball, 4MD)
Nick Harris scores
Batting: SHB Waylon Adams 0-0: Ball
1-0: Foul Ball, location: 2F
1-1: Fly out, F7 (Flyball, 7)
Bottom of the 5th over - 1 run(s), 3 hit(s), 0 error(s), 1 left on base; Salem 4 - West Virginia 2
TOP OF THE 6TH
Salem Silver Souls batting - Pitching for West Virginia Power : LHP John Knight
Batting: RHB Jim Villiers 0-0: Ball
1-0: Ball
2-0: Fly out, F7 (Flyball, 7LS)
Batting: SHB Tony Yan 0-0: Ball
1-0: Ball
2-0: Ball
3-0: Called Strike
3-1: Foul Ball, location: 2F
3-2: SINGLE (Groundball, 34S) (infield hit)
Batting: RHB Tom Hughes 0-0: Ball
1-0: Swinging Strike
1-1: Swinging Strike
1-2: SINGLE (Groundball, 4MD)
Tony Yan to second
Batting: LHB Joel Nelson 0-0: Ball
1-0: Ball
2-0: Ball
3-0: Called Strike
3-1: Foul Ball, location: 2F
3-2: Base on Balls
Tony Yan to third
Tom Hughes to second
Batting: SHB Francis Shaffer 0-0: Swinging Strike
0-1: Swinging Strike
0-2: Ball
1-2: Strikes out swinging
Pitching: RHP Mike Frank
Batting: RHB Jaime Rodríguez 0-0: Ball
1-0: Called Strike
1-1: Fielders Choice at 2nd, 6-4 (Groundball, 6)
Top of the 6th over - 0 run(s), 2 hit(s), 0 error(s), 2 left on base; Salem 4 - West Virginia 2
BOTTOM OF THE 6TH
West Virginia Power batting - Pitching for Salem Silver Souls : RHP Dave Williams
Batting: RHB Mike Ingram 0-0: Ball
1-0: Called Strike
1-1: Fly out, F8 (Flyball, 8RM)
Batting: LHB Héctor Soto 0-0: Ball
1-0: Foul Ball, location: 2F
1-1: Ball
2-1: Fly out, F9 (Flyball, 9LMF)
Batting: RHB Blair Whitehead 0-0: Ball
1-0: Called Strike
1-1: Swinging Strike
1-2: Foul Ball, location: 2F
1-2: Ground out 6-3 (Groundball, 6M)
Bottom of the 6th over - 0 run(s), 0 hit(s), 0 error(s), 0 left on base; Salem 4 - West Virginia 2
TOP OF THE 7TH
Salem Silver Souls batting - Pitching for West Virginia Power : RHP Mike Frank
Batting: LHB Nick Scott 0-0: Ball
1-0: Ball
2-0: Ball
3-0: Called Strike
3-1: Base on Balls
Batting: RHB Ron Edwards 0-0: Ball
1-0: Called Strike
1-1: Ball
2-1: Foul Ball, location: 2F
2-2: Fielders Choice at 2nd, 2-4 (Groundball, 2L)
Batting: RHB Gustavo Pagán 0-0: Called Strike
0-1: Ball
1-1: Grounds into double play, 5-4-3 (Groundball, 56)
Top of the 7th over - 0 run(s), 0 hit(s), 0 error(s), 0 left on base; Salem 4 - West Virginia 2
BOTTOM OF THE 7TH
West Virginia Power batting - Pitching for Salem Silver Souls : RHP Dave Williams
Batting: RHB Juan Alberto 0-0: Swinging Strike
0-1: Called Strike
0-2: Strikes out swinging
Batting: RHB Pablo Sandoval 0-0: Called Strike
0-1: Ball
1-1: Ball
2-1: SINGLE (Groundball, 56) (infield hit)
Batting: LHB Héctor Cruz 0-0: Ball
1-0: Ball
2-0: DOUBLE (Line Drive, 7LS)
Pablo Sandoval to third
Runner from 3rd tries for Home, SAFE, no throw
Batting: RHB Nick Harris 0-0: Ball
1-0: Called Strike
1-1: Ball
2-1: Ball
3-1: Called Strike
3-2: Base on Balls
Pinch Hitting: RHB Eric Knight 0-0: Ball
1-0: Foul Ball, location: 2F
1-1: Fly out, F8 (Line Drive, 8LM)
Batting: SHB Waylon Adams 0-0: 3-RUN HOME RUN (Line Drive, 9D), Distance : 364 ft
Batting: RHB Mike Ingram 0-0: Ball
1-0: Ball
2-0: Fly out, F7 (Flyball, 7LMF)
Bottom of the 7th over - 4 run(s), 3 hit(s), 0 error(s), 0 left on base; Salem 4 - West Virginia 6
TOP OF THE 8TH
Salem Silver Souls batting - Pitching for West Virginia Power : RHP Mike Frank
Now at SS: Claudio Morán
Batting: RHB Jim Villiers 0-0: Ball
1-0: Called Strike
1-1: Ball
2-1: Foul Ball, location: 2F
2-2: Ball
3-2: Fly out, F8 (Flyball, 89D)
Batting: SHB Tony Yan 0-0: Foul Ball, location: 2F
0-1: Ground out 4-3 (Groundball, 4)
Batting: RHB Tom Hughes 0-0: Ball
1-0: Foul Ball, location: 2F
1-1: Called Strike
1-2: Ball
2-2: Ground out 5-3 (Groundball, 56)
Top of the 8th over - 0 run(s), 0 hit(s), 0 error(s), 0 left on base; Salem 4 - West Virginia 6
BOTTOM OF THE 8TH
West Virginia Power batting - Pitching for Salem Silver Souls : RHP Dave Williams
Pitching: RHP Mario Navarro
Batting: LHB Héctor Soto 0-0: Ball
1-0: Called Strike
1-1: Called Strike
1-2: Strikes out swinging
Batting: RHB Blair Whitehead 0-0: Ball
1-0: Ball
2-0: Swinging Strike
2-1: Ball
3-1: SINGLE (Line Drive, 56)
Batting: RHB Juan Alberto 0-0: Ball
1-0: Called Strike
1-1: Foul Ball, location: 2F
1-2: Strikes out swinging
Batting: RHB Pablo Sandoval 0-0: Ball
1-0: Fielders Choice at 2nd, 6-4 (Groundball, 6)
Bottom of the 8th over - 0 run(s), 1 hit(s), 0 error(s), 0 left on base; Salem 4 - West Virginia 6
TOP OF THE 9TH
Salem Silver Souls batting - Pitching for West Virginia Power : RHP Mike Frank
Pitching: RHP Steve Snyder
Batting: LHB Joel Nelson 0-0: Ball
1-0: SINGLE (Line Drive, 8LS)
Pinch Hitting: LHB Chance Santry 0-0: Foul Ball, location: 2F
0-1: Called Strike
0-2: Strikes out swinging
Pinch Hitting: RHB Jack Snyder 0-0: Ball
1-0: Foul Ball, location: 2F
1-1: Swinging Strike
1-2: Ball
Wild Pitch!
Joel Nelson to second
2-2: Fly out, F8 (Line Drive, 8LM)
Batting: LHB Nick Scott 0-0: Ball
1-0: Ball
2-0: Foul Ball, location: 2F
2-1: Called Strike
2-2: Strikes out swinging
Top of the 9th over - 0 run(s), 1 hit(s), 0 error(s), 1 left on base; Salem 4 - West Virginia 6
Thursday, March 30th, 2017 - OOTP Baseball 17.12 Build 75